 Dungeon Crawl Stone Soup version 0.24.0-1-gfbc8707122 (webtiles) character file.

Game seed: 7848907577303507834, levelgen mode: deterministic

127773 DavidChitty2 the Envoy of Void (level 16, 0/136 HPs)
             Began as a Demonspawn Abyssal Knight on Oct 27, 2019.
             Was a High Priest of Lugonu.
             Slain by a jumping spider (8 damage)
             ... on level 4 of the Spider Nest.
             The game lasted 01:23:49 (36933 turns).

DavidChitty2 the Envoy of Void (DsAK)              Turns: 36933, Time: 01:23:50

Health: 0/136      AC: 22    Str: 17 (19) XL:     16   Next: 46%
Magic:  0/28       EV: 12    Int:  8 (13) God:    Lugonu [*****.]
Gold:   2181       SH: 17    Dex: 12 (14) Spells: 15/15 levels left

rFire    + . .     SeeInvis .   b - +2 whip (venom)
rCold    + + +     Gourm    .   R - +2 shield
rNeg     + . .     Faith    .   h - +0 ice dragon scales
rPois    +         Spirit   .   K - -2 hat of the Alchemist {rElec rPois rF+ rC+ rN+ MR+ rMut rCorr}
rElec    +         Reflect  +   S - +1 cloak {rC+}
rCorr    +         Harm     .   f - +1 pair of gloves
rMut     +                      z - +0 pair of boots
MR       ++...                  W - +3 amulet of reflection
Stlth    ..........             i - ring of protection from fire
HPRegen  0.32/turn              Q - +3 ring of evasion
MPRegen  0.21/turn

@: no status effects
A: horns 2, yellow scales 3, demonic guardian 2, powered by death 3
a: Depart the Abyss, Bend Space, Banish, Corrupt, Enter the Abyss, Renounce
Religion


You were on level 4 of the Spider Nest.
You worshipped Lugonu.
Lugonu was extremely pleased with you.
You were hungry.

You visited 4 branches of the dungeon, and saw 27 of its levels.
You visited the Abyss 1 time.
You also visited: Sewer and Ice Cave.

You collected 2999 gold pieces.
You spent 818 gold pieces at shops.

Inventory:

Hand Weapons
 a - a +4 whip of electrocution
   (You took it off a kobold on level 3 of the Dungeon)
 b - a +2 whip of venom (weapon)
   (You took it off a gnoll shaman on level 4 of the Dungeon)
 V - a +0 eveningstar of protection
   (You found it on level 4 of the Spider Nest)
Missiles
 y - 61 poisoned darts
 B - a throwing net {!f}
 O - 14 curare-tipped darts (quivered) {!f}
Armour
 f - a +1 pair of gloves (worn)
   (You found it on level 1 of the Dungeon)
 h - +0 ice dragon scales (worn)
   (You found it on level 3 of the Dungeon)
 z - a +0 pair of boots (worn)
   (You bought it in a shop on level 2 of the Orcish Mines)
 K - the -2 hat of the Alchemist (worn) {rElec rPois rF+ rC+ rN+ MR+ rMut rCorr}
   (You found it on level 7 of the Dungeon)

   It protects you from fire.
   It protects you from cold.
   It insulates you from electricity.
   It protects you from poison.
   It protects you from negative energy.
   It affects your resistance to hostile enchantments.
   It provides partial protection from all sources of acid and corrosion.
   It protects you from mutation.
 R - a +2 shield (worn)
   (You found it on level 13 of the Dungeon)
 S - a +1 cloak of cold resistance (worn)
   (You found it in an ice cave)
Jewellery
 i - a ring of protection from fire (left hand)
   (You found it on level 7 of the Dungeon)
 j - an uncursed ring of magical power
   (You found it on level 2 of the Dungeon)
 G - an uncursed ring of fire
   (You found it on level 4 of the Dungeon)
 Q - a +3 ring of evasion (right hand)
   (You found it on level 1 of the Lair of Beasts)
 W - a +3 amulet of reflection (around neck)
   (You found it on level 1 of the Spider Nest)
Wands
 d - a wand of iceblast (49)
   (You found it on level 3 of the Lair of Beasts)
 t - a wand of flame (55)
   (You took it off a centaur on level 7 of the Dungeon)
 u - a wand of paralysis (4)
   (You took it off a big kobold on level 8 of the Dungeon)
 x - a wand of acid (5)
   (You found it on level 2 of the Spider Nest)
 L - a wand of polymorph (13)
   (You took it off Maurice on level 9 of the Dungeon)
 N - a wand of scattershot (6)
   (You found it on level 1 of the Lair of Beasts)
Scrolls
 l - a scroll of immolation {!r}
 n - 14 scrolls of teleportation {@r4}
 p - 5 scrolls of enchant armour
 v - 4 scrolls of fear
 A - 19 scrolls of remove curse {@r2}
 E - 4 scrolls of enchant weapon
 I - 6 scrolls of fog
 M - 6 scrolls of magic mapping
 T - 2 scrolls of identify {@r1}
Potions
 c - 6 potions of lignification {!q}
 k - 9 potions of curing {@q1}
 m - 3 potions of flight
 o - a potion of resistance
 q - 2 potions of cancellation
 r - 2 potions of mutation {!q}
 s - 6 potions of magic
 w - 3 potions of might
 D - 2 potions of ambrosia
 F - 3 potions of agility
 H - 2 potions of brilliance
 J - 5 potions of haste {@q3}
 U - a potion of berserk rage
Miscellaneous
 C - a lamp of fire
   (You found it on level 11 of the Dungeon)
Comestibles
 e - 20 rations {!d}
 P - 2 chunks of flesh


   Skills:
 + Level 15.2 Fighting
 - Level 12.0 Maces & Flails
 + Level 12.7 Armour
 - Level 0.8 Dodging
 * Level 10.9 Shields
 + Level 17.1 Invocations


You had 15 spell levels left.
You didn't know any spells.
Your spell library contained the following spells:

 Spells                   Type           Power        Failure   Level  Hunger
 Animate Skeleton         Necr           N/A          92%         1    ##.....
 Apportation              Tloc           #.....       92%         1    ##.....
 Beastly Appendage        Tmut           #.....       92%         1    ##.....
 Confusing Touch          Hex            #.....       92%         1    ##.....
 Corona                   Hex            #......      92%         1    ##.....
 Freeze                   Ice            #...         92%         1    ##.....
 Magic Dart               Conj           #...         92%         1    ##.....
 Summon Small Mammal      Summ           #...         92%         1    ##.....
 Call Imp                 Summ           #.......     98%         2    ###....
 Ensorcelled Hibernation  Hex/Ice        #.....       98%         2    ###....
 Searing Ray              Conj           #.....       98%         2    ###....
 Sticks to Snakes         Tmut           #.......     98%         2    ###....
 Call Canine Familiar     Summ           #.......     100%        3    ####...
 Confuse                  Hex            #.......     100%        3    ####...
 Dazzling Spray           Conj/Hex       #.....       100%        3    ####...
 Gell's Gravitas          Tloc           #.........   100%        3    ####...
 Spider Form              Tmut/Pois      #.........   100%        3    ####...
 Summon Guardian Golem    Hex/Summ       #.......     100%        3    ####...
 Tukima's Dance           Hex            #.......     100%        3    ####...
 Force Lance              Conj/Tloc      #.......     100%        4    #####..
 Fulminant Prism          Conj/Hex       #.........   100%        4    #####..
 Ice Form                 Ice/Tmut       #.......     100%        4    #####..
 Iskenderun's Mystic Bla  Conj           #.......     100%        4    #####..
 Leda's Liquefaction      Hex/Erth       #.........   100%        4    #####..
 Petrify                  Tmut/Erth      #.......     100%        4    #####..
 Summon Ice Beast         Ice/Summ       #.......     100%        4    #####..
 Summon Lightning Spire   Summ/Air       #.......     100%        4    #####..
 Blade Hands              Tmut           #.........   100%        5    ######.
 Bolt of Magma            Conj/Fire/Erth #.........   100%        5    ######.
 Metabolic Englaciation   Hex/Ice        #.........   100%        5    ######.
 Yara's Violent Unravell  Hex/Tmut       #.........   100%        5    ######.
 Iron Shot                Conj/Erth      #.........   100%        6    #######
 Statue Form              Tmut/Erth      #........    100%        6    #######
 Shatter                  Erth           #.........   100%        9    #######


Dungeon Overview and Level Annotations

Branches:
Dungeon (15/15)            Temple (0/1) D:7            Lair (6/6) D:8
  Swamp (0/4) Lair:4       Spider (4/4) Lair:3        Slime (0/5) Lair:6
    Orc (2/2) D:10            Elf (0/3) Orc:2        Vaults (0/5) D:14
 Depths (0/5) D:15          Sewer (visited)           IceCv (visited)

Altars:
Ashenzari
Fedhas
Gozag
Hepliaklqana
Kikubaaqudgha
Nemelex Xobeh
Okawaru
Qazlal
Ru
Sif Muna
Trog
Uskayaw
Xom
Yredelemnul
Zin
Beogh

Shops:
D:6 *   D:11 *   Orc:1 *   Orc:2 [*[(

Annotations:
Abyss:1 Arachne


Innate Abilities, Weirdness & Mutations

You have a pair of horns on your head.
You are completely covered in yellow scales. (AC +4, rCorr)
A demonic guardian rushes to your aid.
You regenerate a lot of health from kills.


Message History

You feel dopey. Something hits you.
* * * LOW HITPOINT WARNING * * *
You feel dopey. You block something's attack.
The jumping spider leaps!
Your orange demon pulls away from the web.
You block something's attack. Something barely misses you.
Something completely misses you. Something hits you but does no damage.
Something hits you!
* * * LOW HITPOINT WARNING * * *
Something stings you but does no damage.
You miss something. You headbutt something!
Your orange demon disappears in a puff of smoke!
Something hits you but does no damage. Something hits you but does no damage.
Something stings you but does no damage.
Unknown command.
The mass of ice explodes!
The iceblast engulfs something.
The iceblast engulfs you but does no damage.
The iceblast engulfs something.
You hear an angry hiss. x2
You block something's attack. Something hits you!
* * * LOW HITPOINT WARNING * * *
Something stings you but does no damage.
The jumping spider pounces on you but does no damage.
You block the jumping spider's attack. Something hits you.
* * * LOW HITPOINT WARNING * * *
You block something's attack.
Something stings you but does no damage.
The mass of ice explodes!
The iceblast engulfs something!
The iceblast engulfs you! You partially resist.
* * * LOW HITPOINT WARNING * * *
The iceblast engulfs something!
You block the jumping spider's attack.
The jumping spider bites you but does no damage.
Something hits you but does no damage. Something hits you!
* * * LOW HITPOINT WARNING * * *
You feel weakened.
Something stings you but does no damage.
You feel you are being watched by something.
You feel your power leaking away. Something hits you.
* * * LOW HITPOINT WARNING * * *
You block something's attack.
Something stings you but does no damage.
The jumping spider pounces on you!
You die...

**,,,,,,,,,*#######≈≈≈≈....###≈.
*,≈,≈,,#####!..^..####≈≈...≈###.
*,,,,###.≈..≈≈≈!..^,,##≈..≈≈#*##
*,,.,*..^..≈≈φ.≈≈≈≈≈,,#.....#*,*
*,,≈.###...≈≈≈≈≈≈≈^,,≈#...≈##***
***.^.....≈..^...^.####≈..##
***#..≈..≈##,,####≈...^.#
##.^≈.^§####......≈###
####..^^.@s^.###### ###≈.{..###
#######


You could see a jumping spider.

Vanquished Creatures
  An emperor scorpion (Spider:4)
  A spark wasp (Spider:4)
  Snorg (Lair:5)
  An ogre mage (D:15)
  5 hydras
  2 vault guards (D:14)
  A catoblepas (D:15)
  A death knight (D:15)
  2 centaur warriors
  5 two-headed ogres
  An orc high priest (Orc:2)
  Nergalle (D:12)
  2 skeletal warriors (D:15)
  A fire crab (Lair:6)
  3 unseen horrors
  2 deep elf magi
  A necromancer (IceCv)
  4 orc knights
  7 orb spiders
  A frost giant zombie (D:15)
  3 orc sorcerers (Orc:2)
  An ugly thing (D:11)
  15 wolf spiders
  5 moths of wrath
  10 elephants (Lair:6)
  An ice statue (IceCv)
  Maurice (D:9)
  3 torpor snails
  A black mamba (Lair:2)
  Psyche (D:11)
  5 centaur skeletons
  2 gargoyles
  22 spiny frogs
  10 demonic crawlers
  5 rime drakes
  6 komodo dragons
  9 freezing wraiths (IceCv)
  6 trolls
  32 jumping spiders
  9 tyrant leeches
  A polar bear (Lair:6)
  17 blink frogs
  4 hornets
  8 slime creatures
  12 dream sheep
  7 hippogriffs
  A fire dragon skeleton (D:15)
  A wyvern (D:14)
  48 redbacks
  24 yaks
  2 shadows
  14 tarantellas
  3 vampires
  A yak (shapeshifter) (D:14)
  8 humans (D:14)
  2 basilisks
  A death yak simulacrum (IceCv)
  3 steam dragons
  13 vampire mosquitoes
  3 swamp worms (Spider:4)
  An acid dragon (D:13)
  9 wargs
  7 water moccasins
  6 porcupines
  22 orc warriors
  3 sky beasts
  Purgy (D:3)
  An alligator simulacrum (IceCv)
  9 ice beasts
  A necrophage (D:6)
  An eye of draining (D:5)
  4 phantoms
  A tengu (shapeshifter) (D:15)
  10 ogres
  5 wolves (Lair:5)
  6 crocodiles
  15 centaurs
  3 big kobolds
  2 wyvern zombies
  30 bullfrogs
  8 earth elementals (D:15)
  3 gnoll sergeants
  A wyvern skeleton (D:14)
  3 scorpions
  17 killer bees
  A water moccasin skeleton (D:12)
  7 wights
  An electric eel (Lair:1)
  2 howler monkeys
  5 crimson imps
  2 centaur zombies
  3 draconian simulacra (IceCv)
  4 hounds
  4 bullfrog skeletons
  17 jellies
  13 orc priests
  3 gnoll shamans
  41 orc wizards
  4 iguanas
  9 worker ants
  A hell rat (Lair:6)
  4 troll simulacra (IceCv)
  3 spriggan simulacra (IceCv)
  A killer bee zombie (D:8)
  A wolf simulacrum (IceCv)
  2 centaur simulacra (IceCv)
  A hound zombie (D:9)
  A hound skeleton (D:6)
  23 gnolls
  A howler monkey skeleton (D:11)
  2 ogre simulacra (IceCv)
  6 river rats
  13 adders
  3 naga simulacra (IceCv)
  3 shadow imps
  12 white imps (IceCv)
  3 oozes
  An adder zombie (D:6)
  An adder skeleton (D:4)
  6 worms
  A dart slug (D:1)
  6 leopard geckos
  95 orcs
  14 ball pythons
  5 bats
  6 giant cockroaches
  8 goblins
  7 hobgoblins
  14 jackals
  4 quokkas
  6 frilled lizards
  16 kobolds
  32 rats
  A fungus (Lair:5)
  2 plants (Spider:4)
953 creatures vanquished.

Vanquished Creatures (collateral kills)
  Aizul (Spider:4)
  2 hydras
  Urug (D:11)
  A phantasmal warrior (D:15)
  3 wolf spiders
  A necromancer (D:15)
  2 cyclopes (D:15)
  2 orb spiders
  A stone giant zombie (D:15)
  An orc sorcerer (Orc:2)
  A moth of wrath (Spider:4)
  2 gargoyles
  2 spiny frogs
  A freezing wraith (IceCv)
  A demonic crawler (Spider:2)
  A spriggan skeleton (D:15)
  3 jumping spiders
  A hornet (Spider:1)
  4 slime creatures
  A dream sheep (Lair:3)
  A blink frog (Lair:6)
  10 redbacks
  6 tarantellas
  A human (D:14)
  A basilisk (D:15)
  2 vampire mosquitoes
  A water moccasin (Lair:3)
  An orc warrior (Orc:2)
  2 ogres (D:4)
  An elephant simulacrum (IceCv)
  A crimson imp (D:15)
  A draconian simulacrum (IceCv)
  A hound (D:7)
  A jelly (Lair:6)
  An orc wizard (D:9)
  A troll simulacrum (IceCv)
  2 adders
  A gnoll (D:5)
  A naga simulacrum (IceCv)
  3 orcs
  2 ball pythons
  A quokka (D:3)
74 creatures vanquished.

Vanquished Creatures (others)
  3 emperor scorpions
  The ghost of theanonym the Severer, a journeyman DDGl of Makhleb (Orc:1)
  An ettin (Orc:2)
  A hydra (Lair:3)
  A two-headed ogre (D:8)
  3 orc sorcerers (Orc:2)
  2 orb spiders (Spider:4)
  5 oklob plants (Lair:6)
  2 cyclopes (D:15)
  A moth of wrath (Spider:4)
  2 elephants (Lair:6)
  A freezing wraith (D:14)
  A demonic crawler (Spider:4)
  A queen bee (D:8)
  A jumping spider (Spider:1)
  A blink frog (Lair:6)
  4 tyrant leeches
  3 redbacks
  A human (D:14)
  4 basilisks
  2 swamp worms (Spider:4)
  An ogre (D:15)
  A bullfrog (Lair:6)
  An orc priest (D:7)
  4 orc wizards
  15 fungi (Lair:6)
  71 plants
  3 withered plants (D:15)
137 creatures vanquished.

Grand Total: 1164 creatures vanquished

Notes
Turn   | Place    | Note
-------+----------+-------------------------------------------
     0 | Abyss:1  | DavidChitty2 the Demonspawn Abyssal Knight began the quest
                  | for the Orb.
     0 | Abyss:1  | Reached XP level 1. HP: 18/18 MP: 2/2
    97 | Abyss:2  | Noticed a large abomination
    98 | D:1      | Escaped the Abyss
   395 | D:1      | Gained mutation: You regenerate a little health from kills.
                  | [demonic ancestry]
   395 | D:1      | Reached XP level 2. HP: 13/24 MP: 4/4
   859 | D:1      | Reached * piety under Lugonu
  1110 | D:2      | Reached skill level 3 in Invocations
  1110 | D:2      | Gained mutation: You have a pair of small horns on your
                  | head. [demonic ancestry]
  1110 | D:2      | Reached XP level 3. HP: 27/29 MP: 5/5
  2072 | D:2      | Gained mutation: A weak demonic guardian rushes to your
                  | aid. [demonic ancestry]
  2072 | D:2      | Reached XP level 4. HP: 30/35 MP: 6/6
  2237 | D:2      | Found a stormy altar of Qazlal.
  2702 | D:3      | Found a shattered altar of Ashenzari.
  2727 | D:3      | Noticed Purgy
  2743 | D:3      | Killed Purgy
  2743 | D:3      | Gained mutation: You regenerate health from kills. [demonic
                  | ancestry]
  2743 | D:3      | Reached XP level 5. HP: 32/42 MP: 7/7
  2986 | D:2      | Reached ** piety under Lugonu
  3135 | D:3      | Found a sacrificial altar of Ru.
  3743 | D:4      | Reached skill level 4 in Invocations
  3751 | D:4      | Noticed an ogre
  3761 | D:4      | Killed an ogre
  3761 | D:4      | Gained mutation: You are partially covered in yellow
                  | scales. (AC +2) [demonic ancestry]
  3761 | D:4      | Reached XP level 6. HP: 48/48 MP: 9/9
  4822 | D:4      | Gained mutation: You are mostly covered in yellow scales.
                  | (AC +3) [demonic ancestry]
  4822 | D:4      | Reached XP level 7. HP: 55/55 MP: 10/10
  4905 | D:5      | Entered Level 5 of the Dungeon
  5139 | D:5      | Reached skill level 5 in Invocations
  5155 | D:5      | Found a glowing drain.
  5160 | Sewer    | Entered a sewer
  5255 | Sewer    | Reached *** piety under Lugonu
  5452 | Sewer    | Reached skill level 5 in Maces & Flails
  5845 | D:5      | Reached **** piety under Lugonu
  6032 | D:5      | Found a hazy altar of Hepliaklqana.
  6033 | D:5      | Found a shimmering altar of Xom.
  6034 | D:5      | Noticed a hell beast
  6034 | D:5      | Noticed a spectral ugly thing
  6034 | D:5      | Noticed a hell beast
  6088 | D:5      | Found a basalt altar of Yredelemnul.
  6092 | D:5      | Reached skill level 5 in Fighting
  6167 | D:5      | Found an opulent altar of Gozag.
  6196 | D:5      | Gained mutation: You regenerate a lot of health from kills.
                  | [demonic ancestry]
  6196 | D:5      | Reached XP level 8. HP: 57/62 MP: 12/12
  6241 | D:5      | Found an iron altar of Okawaru.
  6313 | D:5      | Found a bloodstained altar of Trog.
  6319 | D:5      | Reached skill level 6 in Invocations
  6991 | D:6      | Found Hixobre's General Store.
  6999 | D:6      | Bought a scroll of identify for 26 gold pieces
  6999 | D:6      | Bought a scroll of identify for 26 gold pieces
  7236 | D:6      | Found a hide-covered altar of Uskayaw.
  7591 | D:6      | Reached skill level 1 in Shields
  7770 | D:7      | Reached skill level 7 in Invocations
  7772 | D:7      | Reached skill level 5 in Armour
  7786 | D:7      | Reached XP level 9. HP: 69/69 MP: 14/14
  7888 | D:7      | Found a blossoming altar of Fedhas.
  8015 | D:7      | Reached ***** piety under Lugonu
  8143 | D:7      | Found a staircase to the Ecumenical Temple.
  8170 | D:7      | Found a sparkling altar of Nemelex Xobeh.
  8346 | D:7      | Found the -2 hat of the Alchemist {rElec rPois rF+ rC+ rN+
                  | MR+ rMut rCorr}
  9096 | D:8      | Noticed a queen bee
  9097 | D:8      | Banished a queen bee
  9187 | D:8      | Reached skill level 8 in Invocations
  9274 | D:8      | Noticed a two-headed ogre
  9277 | D:8      | Banished a two-headed ogre
  9476 | D:8      | Found a staircase to the Lair.
  9496 | D:8      | Noticed a komodo dragon
  9507 | D:8      | Killed a komodo dragon
  9507 | D:8      | Reached XP level 10. HP: 69/77 MP: 16/16
 10455 | D:9      | Reached skill level 9 in Invocations
 10697 | D:9      | Noticed Maurice
 10712 | D:9      | Killed Maurice
 10772 | D:9      | Found an ancient bone altar of Kikubaaqudgha.
 11056 | D:10     | Entered Level 10 of the Dungeon
 11086 | D:10     | Killed an unseen horror
 11655 | D:10     | Noticed a gargoyle
 11666 | D:10     | Killed a gargoyle
 11764 | D:10     | Reached XP level 11. HP: 86/86 MP: 18/18
 11820 | D:10     | Reached skill level 10 in Maces & Flails
 11820 | D:10     | Reached skill level 10 in Invocations
 11874 | D:10     | Found a staircase to the Orcish Mines.
 12124 | Lair:1   | Entered Level 1 of the Lair of Beasts
 12260 | Lair:1   | Reached ****** piety under Lugonu
 12563 | Lair:1   | Noticed a six-headed hydra
 12574 | Lair:1   | Killed a six-headed hydra
 12940 | Lair:2   | Noticed a seven-headed hydra
 12949 | Lair:2   | Killed a seven-headed hydra
 13729 | Lair:2   | Noticed a seven-headed hydra
 13747 | Lair:2   | Killed a seven-headed hydra
 14201 | Lair:3   | Found a hole to the Spider Nest.
 14217 | Lair:3   | Reached skill level 11 in Invocations
 14291 | Lair:3   | Noticed a five-headed hydra
 14303 | Lair:3   | Banished a five-headed hydra
 14319 | Lair:3   | Gained mutation: You are completely covered in yellow
                  | scales. (AC +4, rCorr) [demonic ancestry]
 14319 | Lair:3   | Reached XP level 12. HP: 54/95 MP: 12/20
 15298 | Lair:4   | Found a staircase to the Swamp.
 15427 | Lair:4   | Noticed an eight-headed hydra
 15433 | Lair:4   | Banished an eight-headed hydra
 16133 | Lair:5   | Noticed Snorg
 16145 | Lair:5   | Killed Snorg
 16222 | Lair:5   | Reached skill level 12 in Invocations
 16277 | Lair:5   | Noticed a six-headed hydra
 16285 | Lair:5   | Killed a six-headed hydra
 16311 | Lair:5   | Reached skill level 10 in Fighting
 17021 | Lair:6   | Entered Level 6 of the Lair of Beasts
 17149 | Lair:6   | Gained mutation: You have a pair of horns on your head.
                  | [demonic ancestry]
 17149 | Lair:6   | Reached XP level 13. HP: 104/105 MP: 22/22
 17169 | Lair:6   | Found a staircase to the Slime Pits.
 17313 | Lair:6   | Reached skill level 13 in Invocations
 17951 | Lair:6   | Reached skill level 10 in Armour
 19678 | Lair:6   | Reached skill level 14 in Invocations
 20407 | Lair:6   | Got a warped arbalest
 20768 | D:10     | Identified the +7 arbalest "Ohuupn" {velocity, MR+ Str+3
                  | Dex+4} (You found it on level 6 of the Lair of Beasts)
 20781 | D:11     | Noticed Urug
 20798 | D:11     | Killed Urug
 20818 | D:11     | Found a frozen archway.
 20846 | IceCv    | Entered an ice cave
 20993 | IceCv    | Gained mutation: A demonic guardian rushes to your aid.
                  | [demonic ancestry]
 20993 | IceCv    | Reached XP level 14. HP: 115/118 MP: 24/24
 21370 | IceCv    | Found an ancient bone altar of Kikubaaqudgha.
 21893 | D:11     | Noticed Psyche
 21906 | D:11     | Killed Psyche
 22198 | D:11     | Found Zocen's General Store.
 22205 | D:11     | Bought 2 potions of heal wounds for 130 gold pieces
 22205 | D:11     | Bought a potion of heal wounds for 65 gold pieces
 22734 | D:12     | Noticed Nergalle
 22761 | D:12     | Killed Nergalle
 23893 | D:14     | Found a glowing silver altar of Zin.
 24572 | D:14     | Reached skill level 5 in Shields
 24607 | D:14     | Reached skill level 15 in Invocations
 24652 | D:14     | Found a gate to the Vaults.
 24982 | D:15     | Entered Level 15 of the Dungeon
 25199 | D:15     | Found a staircase to the Depths.
 26658 | D:15     | Reached XP level 15. HP: 64/126 MP: 26/26
 27399 | Orc:1    | Entered Level 1 of the Orcish Mines
 27533 | Orc:1    | Found a shimmering blue altar of Sif Muna.
 27629 | Orc:1    | Found a runed translucent gate.
 27991 | Orc:1    | Found a runed translucent gate.
 27992 | Orc:1    | Found a runed translucent gate.
 27994 | Orc:1    | Found an opulent altar of Gozag.
 27995 | Orc:1    | Found Aked's Assorted Antiques.
 27995 | Orc:1    | Noticed theanonym's ghost (journeyman DDGl)
 28117 | Orc:1    | Banished theanonym's ghost
 28239 | Orc:1    | Bought a potion of haste for 400 gold pieces
 28294 | Orc:1    | Identified Sif Muna's Compendium of Cold
 28364 | Orc:2    | Entered Level 2 of the Orcish Mines
 28594 | Orc:2    | Found a staircase to the Elven Halls.
 28843 | Orc:2    | Found a roughly hewn altar of Beogh.
 29102 | Orc:2    | Found Atzohosi's Weapon Boutique.
 29102 | Orc:2    | Found Udufukh's Armour Shoppe.
 29147 | Orc:2    | Reached skill level 16 in Invocations
 29152 | Orc:2    | Found Pyuruigo's Assorted Antiques.
 29152 | Orc:2    | Found Imupp's Armour Shoppe.
 29178 | Orc:2    | Bought a scroll labeled YNORUSK QUICS for 37 gold pieces
 29221 | Orc:2    | Found a roughly hewn altar of Beogh.
 29579 | Orc:2    | Bought a +0 pair of gloves for 67 gold pieces
 29964 | Orc:2    | Bought a +0 pair of boots for 67 gold pieces
 30154 | Spider:1 | Entered Level 1 of the Spider Nest
 31067 | Spider:2 | Noticed Arachne
 31068 | Spider:2 | Banished Arachne
 31104 | Spider:1 | HP: 6/127 [wolf spider (14)]
 32715 | Spider:3 | Reached XP level 16. HP: 113/134 MP: 28/28
 33455 | Spider:3 | Reached skill level 10 in Shields
 33728 | Spider:4 | Entered Level 4 of the Spider Nest
 34058 | Spider:4 | Noticed Aizul
 34151 | Spider:4 | Killed Aizul
 34543 | Spider:4 | Reached skill level 15 in Fighting
 35571 | Spider:4 | Reached skill level 17 in Invocations
 36933 | Spider:4 | Slain by a jumping spider

Levels and vault maps discovered:
D:1:      minmay_arrival_checkered_box, layout_basic
D:2:      layout_basic, marbit_many_paths
D:3:      layout_rooms, nicolae_ashenzari_panopticon, nicolae_ru_path_of_blood,
          uniq_purgy
D:4:      layout_basic, first_ration
D:5:      layout_basic, regret_index_temple_of_mockery,
          yredelemnul_altar_generic, lemuel_doored_altar, lemuel_round_altar,
          trog_eyes_of_draining, gup_sewer_entry_bowl, lightli_minifort
D:6:      minmay_cornered_nines, layout_loops_ring, kennysheep_little_box,
          serial_shops, shop, minmay_misc_feat_more_columns
D:7:      layout_loops_ring, lemuel_round_altar,
          nemelex_xobeh_ov_fountains_minmay, minmay_temple_entry_grid
D:8:      layout_gridville, david_lair_shrubbed, david_nohive_1
D:9:      layout_loops_ring, kennysheep_mini_moat, minmay_diced_spiral,
          uniq_maurice
D:10:     layout_gridville, kennysheep_orc_monster_closet_entryway,
          kennysheep_generic_room_10
D:11:     layout_loops_ring, serial_shops, shop, portal_ice_cave_rime,
          uniq_urug, uniq_psyche
D:12:     layout_cave_pools, uniq_nergalle
D:13:     layout_irregular_city
D:14:     layout_basic, ximxim_vaults_locker_room, basic_altar,
          serial_park_tiny_1
D:15:     gammafunk_depths_entry_grave, layout_basic,
          chequers_serial_rivers_small_a, hangedman_cracks_in_the_wall
Lair:1:   layout_roguey, nicolae_quartered_pool_little
Lair:2:   layout_loops_ring
Lair:3:   layout_cave_pods, spider_nest_entry_a
Lair:4:   wander_river, layout_gridlike, minmay_swamp_entry_worms
Lair:5:   layout_roguey, grunt_megastairs_1, uniq_snorg
Lair:6:   minmay_lair_end_frog_pond, layout_loops_ring,
          minmay_slime_entry_jelly_boxes, chequers_serial_rivers_large_b,
          minmay_lair_oklob_chamber
Spider:1: nicolae_spider_mines_3
Spider:2: layout_spider_delve, uniq_arachne
Spider:3: layout_spider_delve
Spider:4: grunt_spider_rune_circles, worms_lemuel, uniq_aizul
Orc:1:    layout_diamond_mine, ebering_ghost_gozag, led_sif_book
Orc:2:    st_orc_town, layout_caves, nicolae_orc_lava_tube, bh_open_orc_temple

Skill      XL: |  1  2  3  4  5  6  7  8  9 10 11 12 13 14 15 16 |
---------------+-------------------------------------------------+-----
Maces & Flails | 2 3 4 5 7 8 9 11 12 | 12.0
Armour         | 2 3 4 5 6 8 9 10 11 12 | 12.7
Invocations    | 3 4 5 7 8 9 11 12 14 15 16 17 | 17.1
Fighting       | 4 5 6 7 9 10 13 14 15 | 15.2
Shields        | 1 3 4 7 9 10 | 10.9
Dodging        | |  0.8

Action                   |  1- 3 |  4- 6 |  7- 9 | 10-12 | 13-15 | 16-18 || total
-------------------------+-------+-------+-------+-------+-------+-------++-------
Melee: Mace              |   130 |    91 |       |       |       |       ||   221
       Headbutt          |     8 |    29 |    57 |   169 |   624 |   142 ||  1029
       Whip              |       |    74 |   491 |   919 |  2688 |   611 ||  4783
Invok: Depart the Abyss  |     1 |       |       |       |       |       ||     1
       Banish            |       |       |     4 |     5 |    47 |    14 ||    70
       Bend Space        |       |       |       |       |     2 |     2 ||     4
Evoke: Wand              |       |       |       |     6 |       |     9 ||    15
  Use: Scroll            |       |    10 |    11 |     7 |    10 |     2 ||    40
       Potion            |       |       |       |     1 |     8 |    10 ||    19
 Stab: Distracted        |       |     1 |       |     5 |     5 |       ||    11
       Held in net/web   |       |       |       |       |       |     1 ||     1
  Eat: Chunk             |     4 |     8 |    12 |    19 |    31 |     3 ||    77
       Ration            |       |       |     2 |     2 |    10 |     4 ||    18
Armor: Leather armour    |    42 |    15 |       |       |       |       ||    57
       Ring mail         |       |    52 |   237 |       |       |       ||   289
       Ice dragon scales |       |       |    59 |   349 |  1034 |   217 ||  1659
Dodge: Dodged            |    92 |    82 |   263 |   289 |   837 |   163 ||  1726
Block: Buckler           |       |       |    52 |   222 |   208 |       ||   482
       Shield            |       |       |       |       |   988 |   379 ||  1367
       Reflection        |       |       |       |       |       |     3 ||     3
